 Dungeon Crawl Stone Soup version 0.21.1-1-g345015fe64 (webtiles) character file.

900417 Peloso the Minotaur Barricade (level 27, 0/253 HPs)
             Began as a Minotaur Fighter on July 19, 2018.
             Was the Champion of Okawaru.
             Killed by drain life
             ... invoked by a soul eater
              (3 damage)
             ... on level 11 of a ziggurat on July 20, 2018.
             The game lasted 07:00:35 (97575 turns).

Peloso the Minotaur Barricade (Minotaur Fighter)   Turns: 97575, Time: 07:00:35

Health: 0/253      AC: 47    Str: 35    XL:     27
Magic:  1/29       EV: 14    Int: 11    God:    Okawaru [******]
Gold:   6280       SH: 36    Dex: 16    Spells: 28/28 levels left

rFire    + . .     SeeInvis +   u - +8 demon blade "Leech" {vamp, rN+ AC-3 EV-3}
rCold    + + .     Gourm    .   Z - +4 large shield of the Final Coins {Int+6}
rNeg     + + .     Faith    .   D - +12 gold dragon scales
rPois    +         Spirit   .   F - +0 mask of the Dragon {MR+ Slay+3 SInv}
rElec    +         Reflect  +   B - +1 cloak {MR+}
rCorr    +         Harm     .   n - +2 pair of gloves {Dex+3}
MR       ++++.                  g - +1 pair of boots {run}
Stlth    ..........             T - amulet "Hezavoe" {Reflect rC+ Str+4 Slay+2 SH+3}
HPRegen  0.52/turn              c - ring "Wawnuon" {rElec rN+ Stlth-}
MPRegen  0.21/turn              t - ring of resist corrosion

@: heroism, very slightly contaminated, hasted, very quick
A: retaliatory headbutt, horns 2, rugged brown scales 1, frail 1, low mp 2,
mutation resistance 1, poison resistance, wild magic 1
}: 5/15 runes: barnacled, slimy, silver, demonic, gossamer
a: Heroism, Finesse, Renounce Religion


You were on level 11 of a ziggurat.
You worshipped Okawaru.
Okawaru was exalted by your worship.
You were not hungry.

You visited 14 branches of the dungeon, and saw 60 of its levels.
You visited Pandemonium 1 time, and saw 6 of its levels.
You visited the Abyss 2 times.
You visited 2 bazaars.
You visited 1 ziggurat, and saw 11 of its levels.
You also visited: Labyrinth, Trove, Ossuary, Wizlab and Desolation.

You collected 10621 gold pieces.
You spent 4341 gold pieces at shops.

Inventory:

Hand Weapons
 a - the +5 long sword of the Candelabrum {flame, +Inv rF+ Int+3}
   (You took it off a merfolk siren on level 4 of the Shoals)

   It has been specially enchanted to burn those struck by it, causing extra
   injury to most foes and up to half again as much damage against particularly
   susceptible opponents.
   Big, fiery blades are also staple armaments of hydra-hunters.
   It affects your intelligence (+3).
   It protects you from fire.
   It lets you turn invisible.
 u - the +8 demon blade "Leech" (weapon) {vamp, rN+ AC-3 EV-3}
   (You acquired it on level 9 of the Dungeon)

   It inflicts no extra harm, but heals its wielder when it wounds a living foe.
   It affects your AC (-3).
   It affects your evasion (-3).
   It protects you from negative energy.
 K - the +10 zealot's sword {holy, *Rage rN+ EV+3}
   (Okawaru gifted it to you on level 14 of the Dungeon)

   It has been blessed by the Shining One to cause great damage to the undead
   and demons.
   It affects your evasion (+3).
   It protects you from negative energy.
   It may make you go berserk in combat.
Armour
 g - a +1 pair of boots of running (worn)
 n - a +2 pair of gloves of dexterity (worn)
 B - a +1 cloak of magic resistance (worn)
 C - a +1 pair of boots of stealth
 D - +12 gold dragon scales (worn)
 F - the +0 mask of the Dragon (worn) {MR+ Slay+3 SInv}
   (You found it on level 1 of the Realm of Zot)

   It affects your accuracy and damage with ranged weapons and melee attacks
   (+3).
   It affects your resistance to hostile enchantments.
   It lets you see invisible.
 L - a +1 pair of gloves of strength
 S - a +0 pair of boots of running
 Z - the +4 large shield of the Final Coins (worn) {Int+6}
   (You found it in a wizard's laboratory)

   It affects your intelligence (+6).
Jewellery
 c - the ring "Wawnuon" (left hand) {rElec rN+ Stlth-}
   (You bought it in a shop in a bazaar)

   [ring of loudness]

   It insulates you from electricity.
   It protects you from negative energy.
   It makes you less stealthy.
 t - a ring of resist corrosion (right hand)
 w - an uncursed ring of ice
 E - an uncursed ring of positive energy
 R - an uncursed ring of magical power
 T - the amulet "Hezavoe" (around neck) {Reflect rC+ Str+4 Slay+2 SH+3}
   (You bought it in a shop in a bazaar)

   [amulet of reflection]

   It shields you and reflects attacks.
   It affects your strength (+4).
   It affects your accuracy and damage with ranged weapons and melee attacks
   (+2).
   It protects you from cold.
   It affects your SH (+3).
 U - a +5 ring of strength
 V - the amulet "Aggi Hot" {Gourm Int+4 SInv}
   (You bought it in a shop on level 1 of the Vaults)

   [amulet of the gourmand]

   It allows you to eat raw meat even when not hungry.
   It affects your intelligence (+4).
   It lets you see invisible.
Wands
 h - a wand of enslavement (11)
 O - a wand of flame (40)
 P - a wand of clouds (5)
 Q - a wand of digging (16)
Scrolls
 e - 14 scrolls of identify
 i - 2 scrolls of blinking
 j - 9 scrolls of fear
 q - 31 scrolls of teleportation
 r - 4 scrolls of holy word
 s - 6 scrolls of fog
 v - 31 scrolls of remove curse
 x - a scroll of summoning
 y - 11 scrolls of magic mapping
 N - 4 scrolls of enchant weapon
Potions
 d - 8 potions of might
 k - 2 potions of berserk rage
 l - 36 potions of curing
 m - 12 potions of agility
 o - 2 potions of resistance
 p - 9 potions of haste
 z - 9 potions of flight
 I - 2 potions of invisibility
 M - 5 potions of cancellation
Miscellaneous
 b - a phial of floods
 A - a box of beasts
 H - a phantom mirror
 J - a fan of gales
Comestibles
 f - 94 rations


   Skills:
 O Level 27 Fighting
   Level 10.0(24.3) Short Blades
 O Level 27 Long Blades
 + Level 1.5(6.5) Throwing
 O Level 27 Armour
 + Level 8.8(13.8) Dodging
 + Level 13.2(18.2) Stealth
 O Level 27 Shields
 + Level 1.7(6.7) Unarmed Combat
 + Level 1.0 Spellcasting
 + Level 23.0 Invocations
 + Level 19.8 Evocations


You had 28 spell levels left.
You didn't know any spells.

Dungeon Overview and Level Annotations

Branches:
Dungeon (15/15)            Temple (1/1) D:5            Lair (6/6) D:10
 Shoals (4/4) Lair:3       Spider (4/4) Lair:3        Slime (5/5) Lair:6
    Orc (2/2) D:11            Elf (3/3) Orc:2        Vaults (5/5) D:13
  Crypt (3/3) Vaults:3       Tomb (1/3) Crypt:3      Depths (5/5) D:15
   Hell (1/1)                 Zot (5/5) Depths:5
    Dis: Hell:1         Geh: Hell:1         Coc: Hell:1         Tar: Hell:1

Altars:
Ashenzari
Cheibriados
Elyvilon
Fedhas
Gozag
Hepliaklqana
Kikubaaqudgha
Makhleb
Okawaru
Ru
Sif Muna
Trog
Vehumet
Wu Jian
Xom
Yredelemnul
Zin
The Shining One
Beogh
Lugonu

Shops:
D:9 *   D:12 [=   Orc:2 :*[*   Shoals:2 !   Vaults:1 =   Vaults:5 %%?!??!%
Depths:1 }}=   Depths:2 *   Depths:4 ?=   Depths:5 *[[

Portals:
Hell: Depths:1 Depths:2 Depths:3 Depths:4 Depths:5
Abyss: Depths:4
Pandemonium: Depths:3

Annotations:
Tomb:1 Boris


Innate Abilities, Weirdness & Mutations

You reflexively headbutt those who attack you in melee.
You have a pair of horns on your head.
You are partially covered in rugged brown scales. (AC +1, +3% HP)
You are frail. (-10% HP)
Your magical capacity is very low. (-20% MP)
You are somewhat resistant to further mutation.
Your system is resistant to poisons. (rPois)
Your spells are a little harder to cast, but a little more powerful.


Message History

The Executioner hits you but does no damage. x2
The Executioner closely misses you.
You slice the Ice Fiend!!
The Ice Fiend is moderately wounded.
You block the orange demon's attack. You block the ice devil's attack.
Unknown command.
You slash the Ice Fiend!
The Ice Fiend is heavily wounded.
You block the Executioner's attack. x2; The Executioner completely misses you.
The infernal corrupter closely misses you.
You block the Ice Fiend's attack. x2
The Executioner gestures at you. You resist with almost no effort.
You open the Ice Fiend like a pillowcase!!!
The Ice Fiend is almost dead.
The Executioner hits you!
* * * LOW HITPOINT WARNING * * *
You block the Executioner's attack. x2; You block the orange demon's attack.
The soul eater draws from the surrounding life force!
You die...

▓▓......4X......
▓▓.....11###......)▓
▓▓......)## ....|}∩
▓.∩.....[# ....|)>
▓▓.....).##
##....})∩
▓▓.......###......"▓
▓▓.......6X44....▓
▓▓.......14)...▓
▓▓.....31@...▓
▓▓▓▓▓▓▓▓▓▓▓▓▓


You could see an Ice Fiend, an infernal corrupter, an Executioner, a soul eater,
2 orange demons, a large abomination and an ice devil.

Vanquished Creatures
  the Royal Jelly (Slime:5)
  A seraph (Pan)
  Khufu (Crypt:3)
  4 orbs of fire (Zot:5)
  Mennas (Vaults:4)
  4 ancient liches
  2 greater mummies
  A juggernaut (Depths:1)
  Boris (Depths:5)
  Bai Suzhen (Shoals:3)
  11 Killer Klowns
  Geryon (Hell)
  Xtahua (Crypt:2)
  Saint Roka (Vaults:3)
  10 golden dragons
  6 pandemonium lords
  Nikola (Spider:1)
  the Enchantress (Depths:3)
  3 bone dragons
  8 electric golems
  2 pearl dragons (Pan)
  Arachne (Spider:2)
  2 Tzitzimimeh (Pan)
  Jorgrun (Shoals:4)
  An iron giant (Zig:2)
  9 Brimstone Fiends (Pan)
  12 tentacled monstrosities
  A shard shrike skeleton (Crypt:3)
  25 Orb Guardians (Zot:5)
  3 Hell Sentinels
  5 Ice Fiends (Pan)
  8 liches
  3 quicksilver dragons
  4 titans
  2 deep elf blademasters (Elf:3)
  22 acid blobs
  21 sphinxes
  5 tentacled starspawn
  12 ancient champions
  Kirke (Lair:4)
  9 death cobs
  Polyphemus (Shoals:3)
  14 storm dragons
  2 Executioners
  Gastronok (D:12)
  3 tengu reavers
  Ilsuiw (Shoals:4)
  14 shadow dragons
  A revenant (Zig:7)
  The ghost of lis82 the Severer, an adept GrGl of Okawaru (Elf:1)
  13 draconian monks
  17 daevas (Pan)
  Roxanne (Spider:4)
  12 frost giants
  10 fire giants
  16 azure jellies
  23 vault wardens
  10 draconian knights
  Louise (Shoals:3)
  8 ghost moths
  3 deep elf sorcerers
  7 draconian scorchers
  4 imperial myrmidons (Desolation)
  9 emperor scorpions
  2 orc warlords (Orc:2)
  6 iron dragons
  2 warmongers (Pan)
  8 balrugs
  3 draconian stormcallers (Zot:4)
  Aizul (Shoals:3)
  9 draconian shifters
  2 ghouls
  2 curse skulls
  8 deep elf elementalists
  5 cacodemons (Pan)
  6 spriggan defenders
  10 draconian annihilators
  4 war gargoyles
  7 reapers
  36 angels
  15 ophanim (Pan)
  19 very ugly things
  10 vampire knights
  14 stone giants
  16 ironheart preservers
  6 entropy weavers
  4 corrupters
  37 apis (Pan)
  5 blood saints (Pan)
  10 deep elf demonologists
  3 black suns (Pan)
  5 deep elf annihilators
  46 large abominations
  12 green draconians
  A dire elephant (D:15)
  14 white draconians
  11 red draconians
  10 black draconians
  A spark wasp (Depths:3)
  12 lorocyprocas (Pan)
  11 purple draconians
  23 yellow draconians
  12 ettins
  5 merfolk javelineers
  A minotaur (Lab)
  6 eidola
  5 jiangshi
  7 death oozes
  4 mummy priests (Tomb:1)
  Josephine (D:10)
  8 deep elf death magi
  4 crystal guardians
  5 green deaths
  13 fire dragons
  7 deep elf high priests
  12 yaktaur captains
  19 blizzard demons
  8 merfolk impalers
  The ghost of Jesperson the Fighter, a journeyman MiAK of Lugonu (D:12)
  8 ragged hierophants (Desolation)
  2 quicksilver dragon zombies
  8 servants of whispers (Desolation)
  34 vault guards
  8 hydras
  5 rakshasas
  4 monstrous demonspawn (Pan)
  A quicksilver dragon skeleton (Crypt:3)
  9 spriggan air magi
  15 great orbs of eyes
  The ghost of Ablot the Basher, a journeyman GrFi of Elyvilon (D:13)
  2 hell beasts
  Fannar (D:10)
  A naga warrior (Abyss:1)
  22 small abominations
  4 death knights
  13 ice dragons
  2 juggernaut simulacra (Pan)
  3 catoblepae
  8 peacekeepers (Desolation)
  4 merfolk avatars
  12 centaur warriors
  The ghost of dingdong the Cleaver, a novice HOFi of Beogh (D:7)
  33 dancing weapons
  11 deep troll shamans
  12 deep troll earth magi
  4 merfolk aquamancers
  49 two-headed ogres
  4 hell hogs
  11 ogre magi
  4 death scarabs (Tomb:1)
  5 tengu warriors
  6 thrashing horrors
  3 satyrs
  9 spriggan berserkers
  8 vampire magi
  5 orc high priests
  Urug (D:10)
  12 hell knights
  18 death yaks
  2 titan zombies
  6 holy swine (Pan)
  23 soul eaters
  17 sun demons
  Nergalle (Lair:1)
  35 deep elf knights
  58 skeletal warriors
  8 iron golems
  3 wretched stars
  A salamander mystic (Depths:4)
  9 sea snakes
  3 shadow wraiths
  2 golden dragon zombies
  2 storm dragon zombies
  2 shadow demons (Pan)
  6 iron trolls
  13 sixfirhies
  A death drake (shapeshifter) (Vaults:5)
  4 glowing orange brains
  6 torturous demonspawn (Pan)
  30 deep trolls
  An unseen horror (shapeshifter) (Vaults:5)
  10 cherubim (Pan)
  13 flayed ghosts
  An anaconda zombie (Crypt:2)
  3 infernal demonspawn (Pan)
  18 starcursed masses
  3 wizards
  5 gelid demonspawn (Pan)
  An orange crystal statue (Elf:3)
  A golden dragon skeleton (Crypt:3)
  6 unseen horrors
  A death drake (Abyss:1)
  3 anaconda skeletons (Crypt:3)
  A lindwurm (Lair:6)
  18 ironbrand convokers
  9 necromancers
  10 deep elf archers
  22 orb spiders
  47 ugly things
  41 harpies
  17 orc knights
  10 phantasmal warriors
  A mana viper (shapeshifter) (Vaults:5)
  Pikel (D:6)
  An orb spider (shapeshifter) (Depths:4)
  6 shining eyes
  18 manticores
  6 orc sorcerers
  57 deep elf magi
  12 fauns
  A wolf spider zombie (Hell)
  4 frost giant zombies
  2 iron dragon zombies
  22 wolf spiders
  A harpy (shapeshifter) (Elf:1)
  5 cyclopes
  A toenail golem (WizLab)
  7 elephants
  6 oklob plants
  An iron dragon skeleton (Crypt:1)
  A stone giant skeleton (Crypt:3)
  5 guardian serpents
  2 worldbinders
  6 salamanders
  36 moths of wrath
  Maurice (Orc:2)
  7 merfolk sirens
  2 apocalypse crabs
  A moth of wrath (shapeshifter) (Vaults:4)
  6 black mambas
  4 frost giant skeletons
  13 vault sentinels
  9 water nymphs
  4 fire giant skeletons
  10 rust devils
  A naga mage (Abyss:1)
  16 smoke demons
  2 eyes of devastation (shapeshifter)
  2 molten gargoyles
  3 torpor snails
  A spiny frog (shapeshifter) (Vaults:4)
  7 gargoyles
  5 ice statues (Pan)
  An eye of devastation (Slime:4)
  5 spectral swamp worms (Depths:3)
  11 spiny frogs
  14 orange demons
  8 hellions
  2 rime drakes
  2 alligator snapping turtle zombies
  34 yaktaurs
  A dire elephant skeleton (Crypt:3)
  A shock serpent skeleton (Crypt:1)
  6 ancient zymes
  A kobold demonologist (D:15)
  11 freezing wraiths
  7 komodo dragons
  4 tormentors
  A komodo dragon (shapeshifter) (Vaults:4)
  17 demonic crawlers
  A human zombie (Vaults:3)
  2 efreet
  A golden dragon simulacrum (Crypt:1)
  3 guardian mummies (Tomb:1)
  2 harpy zombies
  8 ice devils
  6 tengu conjurers
  A hydra zombie (Hell)
  8 hellwings
  A death yak skeleton (Crypt:2)
  14 red devils
  27 jumping spiders
  A silent spectre (Zig:9)
  17 hornets
  15 trolls
  27 merfolk
  The ghost of Supaplex the Cudgeler, an amateur MiFi (D:4)
  3 trolls (shapeshifter)
  5 wind drakes
  4 polar bears
  15 raiju
  A wolf spider simulacrum (Crypt:1)
  A hydra skeleton (Hell)
  10 hippogriffs
  A jumping spider zombie (Crypt:1)
  A minotaur skeleton (Crypt:3)
  52 saltlings (Desolation)
  18 blink frogs
  86 slime creatures
  10 snapping turtles
  2 dream sheep (Shoals:4)
  A stone giant simulacrum (Crypt:1)
  A frost giant simulacrum (Hell)
  A satyr zombie (Crypt:2)
  A fire giant simulacrum (Crypt:1)
  14 air elementals
  A death drake skeleton (Crypt:1)
  A fire dragon skeleton (Crypt:3)
  14 flying skulls
  17 wraiths
  A guardian serpent skeleton (Crypt:1)
  91 redbacks
  7 spriggans
  24 tarantellas
  2 ice dragon skeletons (Crypt:3)
  5 wyverns
  14 ynoxinuls
  45 yaks
  9 shadows
  7 fire elementals
  18 water elementals
  A dire elephant simulacrum (Abyss:1)
  A fire bat (Abyss:2)
  7 golden eyes
  14 neqoxecs
  A hog (shapeshifter) (Vaults:3)
  Eustachio (D:6)
  2 ettin skeletons
  A steam dragon (D:14)
  5 hogs
  Grum (D:10)
  3 humans
  7 basilisks
  12 chaos spawn
  3 vampire mosquitoes (D:14)
  Menkaure (D:5)
  10 hungry ghosts
  2 nagas (Abyss:1)
  10 wargs
  Edmund (D:6)
  A hydra simulacrum (Hell)
  2 acid dragons (Vaults:2)
  9 water moccasins
  A spiny frog zombie (Crypt:2)
  4 porcupines
  12 hell hounds
  A monstrous demonspawn skeleton (Crypt:1)
  A swamp drake (Orc:1)
  A hornet zombie (D:10)
  53 orc warriors
  5 ice beasts
  2 phantoms (D:11)
  2 slaves (D:6)
  3 spriggan simulacra
  3 black bears
  9 eyes of draining
  3 sky beasts
  17 wolves
  38 ogres
  2 necrophages (Crypt:3)
  A manticore zombie (Crypt:3)
  2 snapping turtle zombies (Crypt:2)
  7 boggarts
  34 centaurs
  A snapping turtle skeleton (Crypt:3)
  2 big kobolds
  12 crocodiles
  A hog skeleton (Crypt:2)
  Blork the orc (D:5)
  3 elf zombies
  15 bullfrogs
  A gnoll sergeant (D:7)
  A cyclops zombie (Crypt:3)
  7 earth elementals
  A water moccasin zombie (D:5)
  A wyvern skeleton (D:14)
  An elf skeleton (Crypt:1)
  3 troll zombies (D:11)
  4 scorpions
  A polar bear zombie (Crypt:2)
  2 spriggan zombies
  13 killer bees
  13 wights
  13 howler monkeys
  A raiju skeleton (Crypt:3)
  A troll skeleton (Abyss:2)
  5 electric eels
  10 crimson imps
  5 bullfrog zombies
  A quasit (Abyss:1)
  4 centaur zombies
  4 hounds
  28 jellies
  A basilisk zombie (Crypt:3)
  2 bullfrog skeletons (D:7)
  44 orc priests
  Crazy Yiuf (D:5)
  3 human skeletons (Crypt:3)
  8 iron imps
  4 centaur skeletons
  9 hell rats
  35 orc wizards
  2 iguanas
  15 worker ants
  A killer bee zombie (Crypt:3)
  2 big kobold zombies (Ossuary)
  3 ogre zombies (D:11)
  A hound zombie (Ossuary)
  9 mummies
  A worker ant zombie (D:11)
  6 gnolls
  7 adders
  2 river rats (D:10)
  A shadow imp (Orc:1)
  A white imp (Orc:1)
  An ufetubus (Abyss:1)
  3 adder zombies
  An ooze (D:3)
  5 worms
  2 dart slugs (D:1)
  3 leopard geckos
  149 orcs
  12 bats
  4 giant cockroaches
  9 goblins
  10 hobgoblins
  12 jackals
  5 quokkas
  A ball python (D:2)
  6 frilled lizards
  4 goblin zombies
  8 hobgoblin zombies
  23 kobolds
  A leopard gecko zombie (Crypt:3)
  4 orc skeletons (D:11)
  10 orc zombies
  A quokka skeleton (D:2)
  A quokka zombie (D:7)
  9 rats
  A rat zombie (Ossuary)
  A bush (Lair:1)
  5 crawling corpses
  4 fungi (Lair:1)
  14 plants
  3 starspawn tentacles
  A withered plant (Shoals:1)
3693 creatures vanquished.

Vanquished Creatures (collateral kills)
  A caustic shrike zombie (Zig:8)
  A tormentor (Zig:8)
  An iron imp (Zig:8)
3 creatures vanquished.

Vanquished Creatures (others)
  2 deep elf master archers (Elf:3)
  A fire giant (Depths:1)
  A ghost moth (Spider:1)
  4 stone giants
  2 merfolk javelineers (Shoals:4)
  A centaur warrior (Vaults:1)
  A dancing weapon (Elf:2)
  An ogre mage (D:13)
  A deep elf knight (Vaults:4)
  A deep elf archer (Elf:2)
  A faun (Shoals:3)
  An oklob plant (Zig:7)
  A manticore (Elf:1)
  10 yaktaurs
  A hydra skeleton (Tomb:1)
  2 air elementals (Depths:5)
  A water elemental (Depths:5)
  3 humans (Lair:4)
  An ogre (Depths:1)
  3 centaurs
  An orc priest (Orc:2)
  A jelly (Zot:4)
  2 orc wizards
  An orc (Vaults:3)
  A fungus (Lair:4)
  A lurking horror (Abyss:3)
  28 plants
  11 starspawn tentacles
  4 tentacles (Hell)
89 creatures vanquished.

Grand Total: 3785 creatures vanquished

Notes
Turn   | Place    | Note
-------+----------+-------------------------------------------
     0 | D:1      | Peloso the Minotaur Fighter began the quest for the Orb.
     0 | D:1      | Reached XP level 1. HP: 19/19 MP: 0/0
    70 | D:1      | Reached XP level 2. HP: 27/27 MP: 1/1
   651 | D:1      | Reached XP level 3. HP: 31/33 MP: 2/2
  1126 | D:2      | Found an ancient bone altar of Kikubaaqudgha.
  1409 | D:3      | Found a deep blue altar of Sif Muna.
  1409 | D:3      | Found a blossoming altar of Fedhas.
  1409 | D:3      | Found a snail-covered altar of Cheibriados.
  1409 | D:3      | Found a white marble altar of Elyvilon.
  1425 | D:3      | Reached XP level 4. HP: 38/40 MP: 3/3
  1669 | D:3      | Reached XP level 5. HP: 46/46 MP: 4/4
  1730 | D:3      | Reached skill level 5 in Armour
  2316 | D:4      | Reached skill level 1 in Dodging
  2490 | D:4      | Reached XP level 6. HP: 38/53 MP: 5/5
  2599 | D:4      | Noticed Supaplex's ghost (amateur MiFi)
  2605 | D:4      | Killed Supaplex's ghost
  2605 | D:4      | Reached skill level 5 in Long Blades
  2605 | D:4      | Reached skill level 5 in Shields
  2623 | D:4      | Reached XP level 7. HP: 17/60 MP: 6/6
  3076 | D:5      | Entered Level 5 of the Dungeon
  3089 | D:5      | Noticed Menkaure
  3092 | D:5      | Noticed Blork the orc
  3096 | D:5      | Killed Menkaure
  3107 | D:5      | Killed Blork the orc
  3337 | D:5      | Reached skill level 5 in Fighting
  3337 | D:5      | Reached XP level 8. HP: 68/68 MP: 7/7
  3648 | D:5      | Found a runed door.
  3652 | D:5      | Noticed Crazy Yiuf
  3656 | D:5      | Killed Crazy Yiuf
  3872 | D:5      | Found a staircase to the Ecumenical Temple.
  3878 | Temple   | Entered the Ecumenical Temple
  3955 | Temple   | Became a worshipper of Warmaster Okawaru
  4102 | D:6      | Got a brightly glowing short sword {flame}
  4103 | D:6      | Identified the +8 short sword "Gonuj" {flame, +Blink +Rage rC- rN+} (You took it off an orc on level 6 of the Dungeon)
  4272 | D:6      | Noticed Eustachio
  4332 | D:6      | You fall through a shaft for 2 floors!
  4394 | D:8      | Reached skill level 1 in Short Blades
  4438 | D:8      | Found a glowing golden altar of the Shining One.
  4463 | D:8      | Reached * piety under Okawaru
  4519 | D:7      | Found a sand-covered staircase.
  4541 | Ossuary  | Entered an ossuary
  4555 | Ossuary  | Reached XP level 9. HP: 32/75 MP: 8/8
  5001 | D:7      | Found a bloodstained altar of Trog.
  5021 | D:7      | Reached ** piety under Okawaru
  5242 | D:7      | Found a hazy altar of Hepliaklqana.
  5407 | D:7      | Found a sacrificial altar of Ru.
  5410 | D:7      | Found a shattered altar of Ashenzari.
  5415 | D:7      | Found a radiant altar of Vehumet.
  5460 | D:7      | Noticed dingdong's ghost (novice HOFi)
  5473 | D:7      | Killed dingdong's ghost
  5473 | D:7      | Reached *** piety under Okawaru
  5473 | D:7      | Reached skill level 5 in Short Blades
  5896 | D:6      | Reached XP level 10. HP: 84/84 MP: 9/9
  5959 | D:6      | Noticed Pikel
  5987 | D:6      | Killed Pikel
  5996 | D:6      | Killed Eustachio
  6059 | D:6      | Found the cursed +13 scythe of Curses {drain, *Curse}
  6146 | D:6      | Noticed Edmund
  6160 | D:6      | Killed Edmund
  6160 | D:6      | Reached **** piety under Okawaru
  6364 | D:8      | Found a glowing golden altar of the Shining One.
  6499 | D:8      | Noticed a two-headed ogre
  6517 | D:8      | Killed a two-headed ogre
  6863 | D:8      | Reached skill level 1 in Stealth
  6977 | D:9      | Reached ***** piety under Okawaru
  7090 | D:9      | Found Uciwus's Assorted Antiques.
  7097 | D:9      | Noticed a two-headed ogre
  7110 | D:9      | Killed a two-headed ogre
  7110 | D:9      | Received a gift from Okawaru
  7110 | D:9      | Reached skill level 10 in Shields
  7136 | D:9      | Identified a +0 pair of boots of running (Okawaru gifted it to you on level 9 of the Dungeon)
  7450 | D:9      | Reached XP level 11. HP: 56/94 MP: 10/10
  7764 | D:9      | Found a burning altar of Makhleb.
  7766 | D:9      | Noticed a cacodemon
  7913 | D:9      | Identified a scroll of acquirement
  7914 | D:9      | Found the +8 demon blade "Leech" {vamp, rN+ AC-3 EV-3}
  7991 | D:10     | Entered Level 10 of the Dungeon
  7998 | D:10     | Noticed Grum
  8012 | D:10     | Killed Grum
  8103 | D:10     | Noticed a death yak
  8104 | D:10     | Found a staircase to the Lair.
  8104 | D:10     | Noticed a death yak
  8105 | D:10     | Noticed a death yak
  8118 | D:10     | HP: 3/95 [death yak (12)]
  8233 | D:10     | Killed a death yak
  8240 | D:10     | Killed a death yak
  8251 | D:10     | Killed a death yak
  8251 | D:10     | Reached skill level 10 in Armour
  8272 | D:10     | Noticed Josephine
  8302 | D:10     | Killed Josephine
  8327 | D:10     | Found a blossoming altar of Fedhas.
  8334 | D:10     | Noticed a two-headed ogre
  8336 | D:10     | Noticed Urug
  8346 | D:10     | Killed a two-headed ogre
  8346 | D:10     | Received a gift from Okawaru
  8346 | D:10     | Reached skill level 10 in Long Blades
  8364 | D:10     | Killed Urug
  8523 | D:10     | Reached ****** piety under Okawaru
  8779 | D:10     | Killed an unseen horror
  9018 | D:10     | Noticed Fannar
  9033 | D:10     | Killed Fannar
  9033 | D:10     | Reached XP level 12. HP: 81/104 MP: 11/11
  9103 | D:11     | Received a gift from Okawaru
  9161 | D:11     | Reached skill level 5 in Dodging
  9222 | D:11     | Found a staircase to the Orcish Mines.
  9475 | D:11     | Reached skill level 10 in Fighting
  9487 | D:11     | Noticed a five-headed hydra
  9533 | D:11     | Killed a six-headed hydra
  9700 | D:11     | Noticed a death knight
  9761 | D:11     | Killed a death knight
 10426 | D:12     | Noticed a two-headed ogre
 10434 | D:12     | Killed a two-headed ogre
 10505 | D:12     | Noticed a six-headed hydra
 10520 | D:12     | Killed a 16-headed hydra
 10544 | D:12     | Reached skill level 10 in Short Blades
 10559 | D:12     | Noticed Jesperson's ghost (journeyman MiAK)
 10579 | D:12     | Killed Jesperson's ghost
 10597 | D:12     | Received a gift from Okawaru
 10695 | D:12     | Noticed Gastronok
 10710 | D:12     | Killed Gastronok
 10710 | D:12     | Reached XP level 13. HP: 114/114 MP: 12/12
 10768 | D:12     | Found Peudafas's Jewellery Boutique.
 10833 | D:12     | Found Iczuif's Antique Armour Boutique.
 10837 | D:12     | Bought a shiny shield for 165 gold pieces
 11216 | Lair:1   | Entered Level 1 of the Lair of Beasts
 11595 | Lair:1   | Noticed Nergalle
 11603 | Lair:1   | Killed Nergalle
 13132 | Lair:3   | Found a labyrinth entrance.
 13141 | Lab      | Entered a labyrinth
 13340 | Lab      | Noticed a minotaur
 13352 | Lab      | Killed a minotaur
 13357 | Lab      | Got a translucent hand axe {chop}
 13623 | Lair:3   | Found a staircase to the Shoals.
 13643 | Lair:3   | Received a gift from Okawaru
 13944 | Lair:3   | Found a hole to the Spider Nest.
 14031 | Lair:4   | Noticed Kirke
 14070 | Lair:4   | Killed Kirke
 14096 | Lair:4   | Received a gift from Okawaru
 14182 | Lair:4   | Found the +4 arc blade {discharge, rElec}
 14398 | Lair:4   | Received a gift from Okawaru
 14666 | Lair:5   | Reached XP level 14. HP: 126/126 MP: 13/13
 16246 | Lair:5   | You fall through a shaft!
 16246 | Lair:6   | Entered Level 6 of the Lair of Beasts
 16692 | Lair:6   | Reached skill level 15 in Long Blades
 16874 | Lair:6   | Found a staircase to the Slime Pits.
 16883 | Lair:6   | Received a gift from Okawaru
 17621 | Orc:1    | Entered Level 1 of the Orcish Mines
 18024 | Orc:2    | Entered Level 2 of the Orcish Mines
 18024 | Orc:2    | Noticed Maurice
 18037 | Orc:2    | Killed Maurice
 18293 | Orc:2    | Found a roughly hewn altar of Beogh.
 18399 | Orc:2    | Found Xouvoab's General Store.
 18417 | Orc:2    | Bought a scroll of fear for 42 gold pieces
 18423 | Orc:2    | Found Weriem's Armour Shop.
 18430 | Orc:2    | Reached XP level 15. HP: 137/137 MP: 12/14
 18593 | Orc:2    | Noticed an orc warlord
 18603 | Orc:2    | Killed an orc warlord
 18603 | Orc:2    | Received a gift from Okawaru
 18662 | Orc:2    | Found a staircase to the Elven Halls.
 18752 | Orc:2    | Reached skill level 15 in Shields
 18941 | Orc:2    | Found a roughly hewn altar of Beogh.
 18941 | Orc:2    | Noticed an orc warlord
 18984 | Orc:2    | Killed an orc warlord
 19100 | Orc:2    | Found Sujamicomil's Book Boutique.
 19169 | Orc:2    | Found Zedousuh's General Store.
 19195 | Orc:2    | Bought a scroll of brand weapon for 340 gold pieces
 20543 | D:13     | Received a gift from Okawaru
 20580 | D:13     | Reached skill level 1 in Evocations
 20685 | D:13     | Found a gate to the Vaults.
 20759 | D:13     | Noticed Ablot's ghost (journeyman GrFi)
 20792 | D:13     | Killed Ablot's ghost
 21515 | D:14     | Received a gift from Okawaru
 21516 | D:14     | Found the +10 zealot's sword {holy, *Rage rN+ EV+3}
 21686 | D:14     | Found a blossoming altar of Fedhas.
 22197 | D:14     | Reached skill level 15 in Fighting
 22217 | D:14     | Reached skill level 15 in Armour
 22528 | D:15     | Entered Level 15 of the Dungeon
 22602 | D:15     | Received a gift from Okawaru
 22602 | D:15     | Reached XP level 16. HP: 139/149 MP: 10/15
 22661 | D:15     | Found a staircase to the Depths.
 22762 | D:15     | Found a basalt altar of Yredelemnul.
 23731 | Spider:1 | Entered Level 1 of the Spider Nest
 24252 | Shoals:1 | Entered Level 1 of the Shoals
 25468 | Shoals:2 | Found Ziptaer's Distillery.
 25547 | Shoals:2 | Bought a potion of heal wounds for 70 gold pieces
 25547 | Shoals:2 | Bought a potion of might for 56 gold pieces
 25633 | Shoals:2 | Received a gift from Okawaru
 25954 | Shoals:3 | Noticed Louise
 25972 | Shoals:3 | Killed Louise
 26087 | Shoals:3 | Reached skill level 1 in Invocations
 26133 | Shoals:3 | Noticed Polyphemus
 26163 | Shoals:3 | Killed Polyphemus
 26262 | Shoals:3 | Noticed Bai Suzhen
 26284 | Shoals:3 | Noticed Aizul
 26284 | Shoals:3 | Killed Bai Suzhen
 26284 | Shoals:3 | Received a gift from Okawaru
 26284 | Shoals:3 | Reached XP level 17. HP: 151/160 MP: 10/17
 26305 | Shoals:3 | Killed Aizul
 27126 | Shoals:4 | Entered Level 4 of the Shoals
 27731 | Shoals:4 | Noticed Ilsuiw
 27849 | Shoals:4 | Killed Ilsuiw
 28025 | Shoals:4 | Got a barnacled rune of Zot
 28088 | Shoals:4 | Found the +6 shillelagh "Devastator" {shatter}
 28237 | Shoals:4 | Received a gift from Okawaru
 28672 | Shoals:4 | Noticed Jorgrun
 28686 | Shoals:4 | Killed Jorgrun
 28898 | Shoals:4 | Got a translucent long sword {flame}
 28905 | Shoals:4 | Identified the +5 long sword of the Candelabrum {flame, +Inv rF+ Int+3} (You took it off a merfolk siren on level 4 of the Shoals)
 29449 | Spider:1 | Received a gift from Okawaru
 30082 | Spider:1 | Noticed Nikola
 30114 | Spider:1 | Killed Nikola
 30114 | Spider:1 | Reached XP level 18. HP: 164/172 MP: 18/18
 30717 | Spider:2 | Noticed Arachne
 30730 | Spider:2 | Killed Arachne
 31003 | Spider:3 | Received a gift from Okawaru
 31466 | Spider:4 | Entered Level 4 of the Spider Nest
 31871 | Spider:4 | Noticed Roxanne
 32016 | Spider:4 | Killed Roxanne
 32018 | Spider:4 | Identified Roxanne's Volume of Transformation (You took it off Roxanne on level 4 of the Spider Nest)
 32667 | Spider:4 | Received a gift from Okawaru
 32956 | Spider:4 | Got a gossamer rune of Zot
 33541 | Elf:1    | Entered Level 1 of the Elven Halls
 34114 | Elf:1    | Noticed lis82's ghost (adept GrGl)
 34151 | Elf:1    | Killed lis82's ghost
 34151 | Elf:1    | Reached XP level 19. HP: 132/181 MP: 19/19
 34719 | Elf:1    | Received a gift from Okawaru
 34894 | Elf:1    | Got a shimmering scale mail {god gift}
 34905 | Elf:1    | Identified the +4 scale mail of Ediap {-Tele rC++} (Okawaru gifted it to you on level 1 of the Elven Halls)
 35486 | Elf:2    | Found a runed gate.
 35486 | Elf:2    | Found a runed gate.
 35487 | Elf:2    | Found a runed gate.
 36503 | Elf:3    | Entered Level 3 of the Elven Halls
 36713 | Elf:3    | Found a deep blue altar of Sif Muna.
 36741 | Elf:3    | Found a deep blue altar of Sif Muna.
 36794 | Elf:3    | Received a gift from Okawaru
 38004 | Elf:3    | Noticed a Tzitzimitl
 38406 | Elf:3    | Reached XP level 20. HP: 185/191 MP: 20/20
 38508 | Elf:3    | Got a smoking scale mail
 38694 | Elf:3    | Got a smoking great sword {slice}
 39569 | Elf:3    | Received a gift from Okawaru
 39598 | Elf:3    | Identified the Tome of the Twisted Escort
 39868 | Lair:1   | Identified the cursed +0 scale mail "Qyowud" {Int+6} (You took it off a deep elf blademaster on level 3 of the Elven Halls)
 40206 | Elf:3    | Identified the Papyrus of Dark Rites and Arcane Weapons
 40282 | Elf:3    | Got a polished short sword
 40711 | Lair:1   | Identified the +5 short sword "Dofej" {pierce, rC++ Str+2} (You found it on level 3 of the Elven Halls)
 40715 | Lair:1   | Identified the +1 great sword of the Disturbing People {slice, rC+} (You took it off a deep elf annihilator on level 3 of the Elven Halls)
 40907 | Vaults:1 | Entered Level 1 of the Vaults
 41134 | Vaults:1 | Found a portal to a secret trove of treasure.
 42284 | Vaults:1 | You paid a toll of a +6 demon trident to enter a treasure trove
 42285 | Trove    | Entered a treasure trove
 42326 | Trove    | Identified Micsajos's Tome of Flying Confrontation
 42339 | Trove    | Identified Sif Muna's Grimoire of the Frostbite and the Oath
 42348 | Trove    | Identified Sif Muna's Arcane Arts, Part One
 42474 | Vaults:1 | Found Sifador's Jewellery Shop.
 42564 | Vaults:1 | Bought the amulet "Aggi Hot" {Gourm Int+4 SInv} for 694 gold pieces
 43857 | Vaults:2 | Found a magical portal.
 43884 | Vaults:2 | Received a gift from Okawaru
 43985 | Vaults:2 | Found a flickering gateway to a bazaar.
 43997 | Bazaar   | Entered a bazaar
 43997 | Bazaar   | Found Cuzi's General Store.
 43997 | Bazaar   | Found Nuekhlo's Antique Armour Emporium.
 44015 | Bazaar   | Found Qecakap's Jewellery Boutique.
 44025 | Bazaar   | Bought the amulet "Hezavoe" {Reflect rC+ Str+4 Slay+2 SH+3} for 558 gold pieces
 44028 | Bazaar   | Found Lurchobum's Antique Weapon Shoppe.
 44046 | Bazaar   | Found Meud's Distillery.
 44054 | Bazaar   | Bought a potion of curing for 36 gold pieces
 44054 | Bazaar   | Bought a potion of might for 48 gold pieces
 44075 | Bazaar   | Bought a potion of heal wounds for 80 gold pieces
 44096 | Bazaar   | Bought a cursed amulet of inaccuracy for 24 gold pieces
 44178 | WizLab   | Entered Doroklohe's Tomb
 45378 | WizLab   | Got a heavily runed large shield
 45391 | WizLab   | Identified the +4 large shield of the Final Coins {Int+6} (You found it in a wizard's laboratory)
 45429 | WizLab   | Got a faintly humming plate armour
 45487 | WizLab   | Identified the +4 plate armour "Muock" {+Fly Int+4 Dex+4} (You found it in a wizard's laboratory)
 46482 | Vaults:2 | Reached XP level 21. HP: 203/203 MP: 21/21
 46811 | Vaults:2 | Received a gift from Okawaru
 48099 | Vaults:3 | Found a staircase to the Crypt.
 48261 | Vaults:3 | Received a gift from Okawaru
 48566 | Vaults:3 | Noticed Saint Roka
 48587 | Vaults:3 | Killed Saint Roka
 49662 | Vaults:4 | Noticed Mennas
 49669 | Vaults:4 | Received a gift from Okawaru
 49690 | Vaults:4 | Killed Mennas
 49744 | Vaults:4 | Got a twisted broad axe
 49819 | Vaults:4 | Found a ruined gateway.
 49821 | Vaults:4 | Found a white marble altar of Elyvilon.
 49821 | Vaults:4 | Found a glowing golden altar of the Shining One.
 49821 | Vaults:4 | Found a glowing silver altar of Zin.
 49862 | Desolati | Entered the Desolation of Salt
 50068 | Desolati | Reached XP level 22. HP: 214/214 MP: 22/22
 50079 | Desolati | Received a gift from Okawaru
 50082 | Desolati | Got encrusted ice dragon scales {god gift}
 50111 | Desolati | Identified the Collected Works on Attacks and Changing
 50113 | Desolati | Identified the Disquisition on Flames and Confrontation
 50596 | Desolati | Identified the Tome of Cloudy Transmigration
 50614 | Desolati | Got a faintly glowing platinum ring
 50617 | Desolati | Identified the ring "Sawus" {rF+ MR++} (You found it in the Desolation of Salt)
 51076 | Desolati | Identified the Incunabulum of the Lethal Glacier
 51111 | Desolati | Got a warped hand crossbow
 51818 | Lair:1   | Identified the +2 hand crossbow of the Nine Friends {speed, Stlth+} (You found it in the Desolation of Salt)
 51833 | Lair:1   | Identified the +8 ice dragon scales of Inference {rPois rF- rC++ MR++ Dex-3} (Okawaru gifted it to you in the Desolation of Salt)
 53481 | Vaults:4 | Received a gift from Okawaru
 53876 | Vaults:5 | Entered Level 5 of the Vaults
 54005 | Vaults:4 | Received a gift from Okawaru
 54348 | Vaults:5 | Reached XP level 23. HP: 224/224 MP: 23/23
 54822 | Vaults:5 | Reached skill level 27 in Shields
 54894 | Vaults:5 | Received a gift from Okawaru
 54897 | Vaults:5 | Got a dazzling long sword {god gift}
 55499 | Vaults:5 | Got a silver rune of Zot
 55944 | Lair:1   | Identified the +4 long sword of Grontol {freeze, Dex+3 Stlth+} (Okawaru gifted it to you on level 5 of the Vaults)
 56493 | Vaults:5 | Found Ysaptego's Food Emporium.
 56515 | Vaults:5 | Found Mobb's Distillery.
 56515 | Vaults:5 | Found Ximant's Magic Scroll Shoppe.
 56519 | Vaults:5 | Bought a potion of heal wounds for 85 gold pieces
 56525 | Vaults:5 | Found Ratainuc's Magic Scroll Shop.
 56551 | Vaults:5 | Found Xuohel's Magic Scroll Shoppe.
 56551 | Vaults:5 | Found Kengankynoc's Food Boutique.
 56556 | Vaults:5 | Bought a scroll of enchant armour for 142 gold pieces
 56556 | Vaults:5 | Bought a scroll of teleportation for 57 gold pieces
 56577 | Vaults:5 | Found Bibb's Food Shop.
 56581 | Vaults:5 | Got a twitching copper amulet
 56583 | Vaults:5 | Identified the amulet of Yteot {+Rage rPois Str+5 Int-3} (You found it on level 5 of the Vaults)
 56603 | Vaults:5 | Found Tatetos's Distillery.
 56607 | Vaults:5 | Bought a potion of heal wounds for 55 gold pieces
 56607 | Vaults:5 | Bought a potion of heal wounds for 55 gold pieces
 56607 | Vaults:5 | Bought a potion of haste for 110 gold pieces
 56643 | Vaults:5 | Got a dazzling hand crossbow
 56644 | Vaults:5 | Identified the +2 hand crossbow of Medalur {freeze, Str+2} (You took it off a vault guard on level 5 of the Vaults)
 56752 | Crypt:1  | Entered Level 1 of the Crypt
 57036 | Crypt:1  | Received a gift from Okawaru
 57039 | Crypt:1  | Got a pair of shimmering gloves {god gift}
 57050 | Crypt:1  | Identified the +2 pair of gloves "Uretiecovipt" {SInv} (Okawaru gifted it to you on level 1 of the Crypt)
 57203 | Crypt:1  | Found an ancient bone altar of Kikubaaqudgha.
 57372 | Crypt:2  | Noticed Xtahua
 57388 | Crypt:2  | Killed Xtahua
 58189 | Crypt:3  | Entered Level 3 of the Crypt
 58248 | Crypt:3  | Reached XP level 24. HP: 204/235 MP: 23/23
 58328 | Crypt:3  | Found a staircase to the Tomb.
 58367 | Crypt:3  | Noticed Khufu
 58368 | Crypt:3  | Noticed a greater mummy
 58410 | Crypt:3  | Killed Khufu
 58422 | Crypt:3  | Received a gift from Okawaru
 58432 | Crypt:3  | Killed a greater mummy
 58857 | Crypt:3  | Found an ancient bone altar of Kikubaaqudgha.
 59124 | Crypt:3  | Noticed an ancient lich
 59145 | Crypt:3  | Killed an ancient lich
 59476 | Crypt:3  | Received a gift from Okawaru
 60966 | Depths:1 | Entered Level 1 of the Depths
 61147 | Depths:1 | Found a gateway to a ziggurat.
 61183 | Depths:1 | Found a flickering gateway to a bazaar.
 61201 | Bazaar   | Entered a bazaar
 61202 | Bazaar   | Found Azenagh's Distillery.
 61202 | Bazaar   | Found Tosihy's Jewellery Emporium.
 61203 | Bazaar   | Found Mipaagec's Antique Armour Shop.
 61213 | Bazaar   | Found Zun Ump's Armour Boutique.
 61243 | Bazaar   | Bought an aquamarine-encrusted chain mail for 218 gold pieces
 61254 | Bazaar   | Bought the ring "Wawnuon" {rElec rN+ Stlth-} for 282 gold pieces
 61265 | Bazaar   | Bought the cursed quicksilver dragon scales "Viuhaust" {rC+ MR+ rCorr} for 919 gold pieces
 61398 | Depths:1 | Reached XP level 25. HP: 247/247 MP: 23/23
 61434 | Depths:1 | Received a gift from Okawaru
 61438 | Depths:1 | Got a transparent hat {god gift}
 61449 | Depths:1 | Identified the -4 hat "Fentehej" {rF+ Str+4 Int+3} (Okawaru gifted it to you on level 1 of the Depths)
 61619 | Depths:1 | Identified the +6 chain mail of Tender Moments {rN+ Str+3 Int-5 Dex+3} (You bought it in a shop in a bazaar)
 61680 | Depths:1 | Found Aqis's Jewellery Emporium.
 61680 | Depths:1 | Found Rigag's Gadget Shop.
 61695 | Depths:1 | Found Utageong's Gadget Shop.
 61729 | Depths:1 | Found a gateway to Hell.
 61895 | Depths:1 | Noticed a juggernaut
 61903 | Depths:1 | Killed a juggernaut
 62729 | Depths:2 | Found Abbuf's Assorted Antiques.
 63046 | Depths:2 | Identified the Compendium of Karma
 63541 | Depths:3 | Received a gift from Okawaru
 63544 | Depths:3 | Got spiked storm dragon scales {god gift}
 63598 | Depths:3 | Found a one-way gate leading to the halls of Pandemonium.
 64139 | Depths:3 | Noticed the Enchantress
 64153 | Depths:3 | Killed the Enchantress
 64185 | Depths:3 | Got faerie dragon scales
 64514 | Depths:3 | Got a bloodstained hand crossbow
 65073 | Depths:4 | Found Viussol's Magic Scroll Shop.
 65075 | Depths:4 | Found Heeten's Jewellery Boutique.
 65084 | Depths:4 | Reached XP level 26. HP: 261/261 MP: 23/23
 65095 | Depths:4 | Bought a scroll of enchant weapon for 75 gold pieces
 65095 | Depths:4 | Bought a scroll of blinking for 75 gold pieces
 65095 | Depths:4 | Bought a scroll of teleportation for 30 gold pieces
 65095 | Depths:4 | Bought a scroll of enchant weapon for 75 gold pieces
 65095 | Depths:4 | Bought a scroll of identify for 20 gold pieces
 65095 | Depths:4 | Bought a scroll of teleportation for 30 gold pieces
 65226 | Depths:4 | Received a gift from Okawaru
 65317 | Depths:4 | Reached skill level 27 in Fighting
 65322 | Depths:4 | Identified the Disquisition on Toxic Weightlessness
 65407 | Depths:4 | Found a corrupted altar of Lugonu.
 65407 | Depths:4 | Found a one-way gate to the infinite horrors of the Abyss.
 66330 | Lair:1   | Identified the +2 hand crossbow "Wici" {penet, Int+5 Dex+2} (You found it on level 3 of the Depths)
 66356 | Lair:1   | Identified the +3 faerie dragon scales {Regen+ rCorr Dex+4} (You took it off the Enchantress on level 3 of the Depths)
 66382 | Lair:1   | Identified the +14 storm dragon scales of Syndicalism {-Tele rElec rPois rC+++ rCorr} (Okawaru gifted it to you on level 3 of the Depths)
 66904 | Depths:5 | Entered Level 5 of the Depths
 67261 | Depths:5 | Noticed Boris
 67273 | Depths:5 | Killed Boris
 67273 | Depths:5 | Reached skill level 27 in Long Blades
 67318 | Depths:5 | Received a gift from Okawaru
 67581 | Depths:5 | Found Zemopawn's Antique Armour Emporium.
 67586 | Depths:5 | Found Votour's Antique Armour Shoppe.
 67589 | Depths:5 | Found Deroyklym's Assorted Antiques.
 68100 | Depths:5 | Found a gate to the Realm of Zot.
 68127 | Zot:1    | Entered Level 1 of the Realm of Zot
 68186 | Zot:1    | Reached skill level 5 in Evocations
 68739 | Zot:1    | Found a transporter.
 68742 | Zot:1    | Found the +0 mask of the Dragon {MR+ Slay+3 SInv}
 68764 | Zot:1    | Found a transporter.
 69051 | Zot:1    | Received a gift from Okawaru
 69559 | Zot:1    | Reached XP level 27. HP: 248/265 MP: 0/26
 69943 | Zot:2    | Received a gift from Okawaru
 69946 | Zot:2    | Got a pair of spiked gloves {god gift}
 69957 | Zot:2    | Identified the -3 pair of gloves of the Morning {rPois rC+ MR- Regen+ Int+6} (Okawaru gifted it to you on level 2 of the Realm of Zot)
 71463 | Zot:3    | Received a gift from Okawaru
 71534 | Zot:3    | Got a bloodstained scimitar {god gift}
 71537 | Zot:3    | Identified the +5 scimitar "Kitt" {freeze, Fragile Str+5 Int+2 SInv} (Okawaru gifted it to you on level 3 of the Realm of Zot)
 71935 | Zot:4    | Reached skill level 27 in Armour
 71991 | Zot:4    | Reached skill level 5 in Invocations
 72494 | Zot:4    | Received a gift from Okawaru
 72497 | Zot:4    | Got an ancient falchion {god gift}
 72498 | Zot:4    | Identified the +7 falchion of Generosity {slice, -Tele rElec Int+9 Stlth-} (Okawaru gifted it to you on level 4 of the Realm of Zot)
 72693 | Zot:4    | Reached skill level 10 in Invocations
 73225 | Zot:5    | Entered Level 5 of the Realm of Zot
 73504 | Depths:5 | Received a gift from Okawaru
 74949 | Zot:5    | Noticed an ancient lich
 74955 | Zot:5    | Killed an ancient lich
 75000 | Zot:5    | Noticed an orb of fire
 75028 | Zot:5    | Gained mutation: Your magical capacity is low. (-10% MP) [an orb of fire]
 75033 | Zot:5    | Killed an orb of fire
 75191 | Zot:5    | Reached skill level 10 in Evocations
 75378 | Zot:5    | Noticed an ancient lich
 75382 | Zot:5    | Noticed an orb of fire
 75406 | Zot:5    | Killed an orb of fire
 75451 | Zot:5    | Received a gift from Okawaru
 75472 | Zot:5    | Noticed an orb of fire
 75473 | Zot:5    | Gained mutation: You expend magic power (3 MP) to strengthen your wands. [an orb of fire]
 75474 | Zot:5    | Gained mutation: You have sharp toenails. [an orb of fire]
 75478 | Zot:5    | Gained mutation: You are dopey. (Int -2) [an orb of fire]
 75484 | Zot:5    | Killed an orb of fire
 75518 | Zot:5    | Reached skill level 15 in Invocations
 75756 | Zot:5    | Noticed an orb of fire
 75757 | Zot:5    | Noticed an ancient lich
 75765 | Zot:5    | Gained mutation: Armour fits poorly on your strangely shaped body. [an orb of fire]
 75768 | Zot:5    | Killed an orb of fire
 75785 | Zot:5    | Killed an ancient lich
 76290 | Slime:1  | Entered Level 1 of the Pits of Slime
 76297 | Slime:1  | Gained mutation: Potions are less effective at restoring your health. [a shining eye]
 76299 | Slime:1  | Gained mutation: Scrolls take you a little longer to read. [a shining eye]
 76617 | Slime:4  | Gained mutation: Your body sometimes deteriorates upon taking damage. [a shining eye]
 76738 | Slime:5  | Entered Level 5 of the Pits of Slime
 76859 | Slime:5  | Received a gift from Okawaru
 76884 | Slime:5  | Noticed the Royal Jelly
 76910 | Slime:5  | Killed the Royal Jelly
 76977 | Slime:5  | Gained mutation: Your magical capacity is very low. (-20% MP) [a shining eye]
 77031 | Slime:5  | Got a slimy rune of Zot
 77046 | Slime:5  | Got a steaming lajatang
 77049 | Slime:5  | Identified the cursed +0 lajatang of Danal {freeze, rN++ MR++ Str-3} (You found it on level 5 of the Pits of Slime)
 77100 | Slime:5  | Got a smoking tin amulet
 77103 | Slime:5  | Identified the amulet "Seuqecli" {Gourm +Blink rN+ Str+5} (You found it on level 5 of the Pits of Slime)
 77280 | Slime:5  | Gained mutation: Potions are poor at restoring your health. [a shining eye]
 77955 | Lair:1   | Lost mutation: Your magical capacity is very low. (-20% MP) [potion of mutation]
 77955 | Lair:1   | Lost mutation: Scrolls take you a little longer to read. [potion of mutation]
 77955 | Lair:1   | Lost mutation: You expend magic power (3 MP) to strengthen your wands. [potion of mutation]
 77955 | Lair:1   | Gained mutation: You are robust. (+10% HP) [potion of mutation]
 77955 | Lair:1   | Gained mutation: You are partially covered in rugged brown scales. (AC +1, +3% HP) [potion of mutation]
 77956 | Lair:1   | Lost mutation: Your body sometimes deteriorates upon taking damage. [potion of mutation]
 77956 | Lair:1   | Lost mutation: Armour fits poorly on your strangely shaped body. [potion of mutation]
 77956 | Lair:1   | Lost mutation: You have sharp toenails. [potion of mutation]
 77956 | Lair:1   | Lost mutation: Your magical capacity is low. (-10% MP) [potion of mutation]
 77956 | Lair:1   | Gained mutation: Your flesh is cold resistant. (rC+) [potion of mutation]
 77957 | Lair:1   | Lost mutation: You are robust. (+10% HP) [potion of mutation]
 77957 | Lair:1   | Lost mutation: You are dopey. (Int -2) [potion of mutation]
 77957 | Lair:1   | Lost mutation: Your flesh is cold resistant. (rC+) [potion of mutation]
 77957 | Lair:1   | Gained mutation: Your system is resistant to poisons. (rPois) [potion of mutation]
 77957 | Lair:1   | Gained mutation: You passively map a small area around you. [potion of mutation]
 77957 | Lair:1   | Gained mutation: Your spells are a little harder to cast, but a little more powerful. [potion of mutation]
 77958 | Lair:1   | Lost mutation: Potions are poor at restoring your health. [potion of mutation]
 77958 | Lair:1   | Lost mutation: Potions are less effective at restoring your health. [potion of mutation]
 77958 | Lair:1   | Lost mutation: You passively map a small area around you. [potion of mutation]
 77958 | Lair:1   | Gained mutation: You are frail. (-10% HP) [potion of mutation]
 77958 | Lair:1   | Gained mutation: You are somewhat resistant to further mutation. [potion of mutation]
 78854 | Hell     | Entered the Vestibule of Hell
 78854 | Hell     | Noticed Geryon
 79353 | Depths:5 | Received a gift from Okawaru
 79363 | Depths:5 | Got a faintly glowing double sword {god gift}
 79365 | Depths:5 | Identified the +2 double sword "Roill" {venom, MR+ Str+2} (Okawaru gifted it to you on level 5 of the Depths)
 79492 | Hell     | Killed Geryon
 79497 | Hell     | Reached skill level 15 in Evocations
 80148 | Tomb:1   | Entered Level 1 of the Tomb of the Ancients
 80619 | Tomb:1   | Noticed a greater mummy
 80626 | Tomb:1   | Noticed Boris
 81291 | Tomb:1   | Killed a greater mummy
 81893 | Depths:4 | Voluntarily entered the Abyss.
 82004 | Abyss:1  | Gained mutation: Your magical capacity is low. (-10% MP) [a neqoxec]
 82005 | Abyss:1  | Received a gift from Okawaru
 82008 | Abyss:1  | Got an ancient chain mail {god gift}
 82346 | Abyss:1  | Paralysed by accursed screaming for 1 turns
 82542 | Abyss:1  | Reached skill level 5 in Stealth
 82595 | Depths:4 | Escaped the Abyss
 82603 | Depths:4 | Voluntarily entered the Abyss.
 82608 | Abyss:1  | Found a corrupted altar of Lugonu.
 83525 | Abyss:2  | Noticed an ancient lich
 83531 | Abyss:2  | Killed an ancient lich
 83740 | Abyss:5  | Entered Level 5 of the Abyss
 83755 | Abyss:5  | Gained mutation: Your magical capacity is very low. (-20% MP) [a neqoxec]
 83781 | Depths:4 | Escaped the Abyss
 84208 | Pan      | Entered Pandemonium
 84757 | Pan      | Noticed Tiezig the pandemonium lord
 84775 | Pan      | Killed Tiezig the pandemonium lord
 84775 | Pan      | Received a gift from Okawaru
 85199 | Pan      | HP: 9/253 [balrug/divine providence (14)]
 85438 | Pan      | Noticed Doeq the pandemonium lord
 85458 | Pan      | Killed Doeq the pandemonium lord
 86213 | Pan      | Received a gift from Okawaru
 86216 | Pan      | Noticed Mybbuivu the pandemonium lord
 86243 | Pan      | Killed Mybbuivu the pandemonium lord
 86273 | Pan      | Reached skill level 10 in Stealth
 87792 | Pan      | Noticed Lauc the pandemonium lord
 87815 | Pan      | Received a gift from Okawaru
 88332 | Pan      | Killed Lauc the pandemonium lord
 88337 | Pan      | Got a demonic rune of Zot
 88824 | Pan      | Noticed Yhaucs the pandemonium lord
 88840 | Pan      | Killed Yhaucs the pandemonium lord
 89435 | Pan      | Noticed a seraph
 89456 | Pan      | Killed a seraph
 89536 | Pan      | Identified the Catalogue of the Excruciating Volcanoes
 89550 | Pan      | Found a glowing golden altar of the Shining One.
 89600 | Pan      | Got a flickering jade ring
 89935 | Pan      | Received a gift from Okawaru
 90937 | Pan      | HP: 10/253 [daeva/divine providence (7)]
 91480 | Pan      | Found a white marble altar of Elyvilon.
 92565 | Pan      | Received a gift from Okawaru
 92578 | Pan      | Got a jewelled cloak {god gift}
 93531 | Pan      | Found a glowing silver altar of Zin.
 94190 | Depths:3 | Escaped Pandemonium
 94210 | Depths:3 | Identified the +2 chain mail of the Volcano {MR+ Dex-5 SInv} (Okawaru gifted it to you on level 1 of the Abyss)
 94224 | Depths:3 | Identified the +2 cloak of the Oligarchy {rF+} (Okawaru gifted it to you in Pandemonium)
 94225 | Depths:3 | Identified the ring of Vyet Rokh {+Inv rN+ MP+9} (You found it in Pandemonium)
 94965 | Zig:1    | Entered Level 1 of a ziggurat
 95003 | Zig:2    | Entered Level 2 of a ziggurat
 95046 | Zig:3    | Entered Level 3 of a ziggurat
 95253 | Zig:4    | Entered Level 4 of a ziggurat
 95297 | Zig:4    | Got a faintly glowing tin ring
 95311 | Zig:4    | Identified the ring "Zamyuskoi" {*Tele Int+3 Stlth+} (You found it on level 4 of a ziggurat)
 95405 | Zig:5    | Entered Level 5 of a ziggurat
 95575 | Zig:6    | Entered Level 6 of a ziggurat
 95750 | Zig:7    | Entered Level 7 of a ziggurat
 96253 | Zig:8    | Entered Level 8 of a ziggurat
 96740 | Zig:8    | Reached skill level 1 in Throwing
 96740 | Zig:8    | Reached skill level 1 in Unarmed Combat
 96740 | Zig:8    | Reached skill level 1 in Spellcasting
 96857 | Zig:9    | Entered Level 9 of a ziggurat
 97134 | Zig:10   | Entered Level 10 of a ziggurat
 97146 | Zig:10   | Noticed an ancient lich
 97173 | Zig:10   | HP: 10/226 [ancient champion/great mace of crushing (6)]
 97173 | Zig:10   | HP: 3/226 [spectral iron dragon[a curse skull] (2)]
 97190 | Zig:11   | Entered Level 11 of a ziggurat
 97512 | Zig:11   | Received a gift from Okawaru
 97527 | Zig:11   | Noticed Anwyuq the pandemonium lord
 97565 | Zig:11   | HP: 10/253 [Anwyuq the pandemonium lord (21)]
 97568 | Zig:11   | HP: 4/253 [poisoned by a balrug]
 97569 | Zig:11   | Killed Anwyuq the pandemonium lord
 97575 | Zig:11   | HP: 3/253 [Executioner (17)]
 97575 | Zig:11   | Killed from afar by a soul eater

Skill      XL: |  1  2  3  4  5  6  7  8  9 10 11 12 13 14 15 16 17 18 19 20 21 22 23 24 25 26 27 |
---------------+----------------------------------------------------------------------------------+-----
Armour         | 4 5 6 7 8 9 10 11 13 14 15 16 17 18 19 20 21 24 27 | 27.0
Shields        | 4 5 7 8 10 11 12 13 14 16 17 18 20 22 23 24 26 27 | 27.0
Fighting       | 4 5 6 7 9 10 12 13 15 16 18 19 20 21 22 23 25 26 27 | 27.0
Long Blades    | 3 4 5 7 8 11 12 14 15 16 17 18 19 20 21 23 24 26 27 | 27.0
Dodging        | 1 3 4 5 6 7 8 |  8.8
Short Blades   | 2 6 9 10 | 10.0
Stealth        | 1 2 3 4 13 | 13.2
Evocations     | 1 2 6 19 | 19.8
Invocations    | 1 2 23 | 23.0
Throwing       | 1 |  1.5
Unarmed Combat | 1 |  1.7
Spellcasting   | 1 |  1.0

Action                   |  1- 3 |  4- 6 |  7- 9 | 10-12 | 13-15 | 16-18 | 19-21 | 22-24 | 25-27 || total
-------------------------+-------+-------+-------+-------+-------+-------+-------+-------+-------++-------
Melee: Long sword        |   114 |   106 |    89 |       |       |     1 |   132 |       |       ||   442
       Headbutt          |    17 |    24 |    63 |   162 |   448 |   436 |   557 |   680 |  2244 ||  4631
       Short sword       |       |       |   224 |   327 |       |       |       |       |       ||   551
       Demon blade       |       |       |       |   474 |  1676 |  1801 |  1737 |  1181 |  5781 || 12650
       Eudemon blade     |       |       |       |       |       |    22 |       |   630 |    79 ||   731
Invok: Heroism           |       |       |       |     2 |       |     9 |     6 |     3 |    15 ||    35
       Finesse           |       |       |       |       |       |       |       |       |     4 ||     4
Evoke: Wand              |       |       |       |       |    12 |    13 |    14 |     2 |    20 ||    61
       Fan of gales      |       |       |       |       |       |       |       |       |     1 ||     1
       Phial of floods   |       |       |       |       |       |       |       |       |     1 ||     1
  Use: Scroll            |       |     3 |     5 |    17 |     9 |     9 |    18 |    15 |    34 ||   110
       Potion            |       |     1 |       |     1 |     2 |     4 |     7 |       |    39 ||    54
 Stab: Petrified         |       |       |       |       |     7 |       |       |       |       ||     7
       Distracted        |       |       |       |       |       |       |       |       |     2 ||     2
  Eat: Chunk             |     1 |     5 |     7 |    15 |    31 |    32 |    93 |    66 |   214 ||   464
       Ration            |       |       |     1 |     4 |     4 |     3 |     3 |     3 |    13 ||    31
Armor: Scale mail        |    54 |    42 |   136 |    48 |       |       |       |       |       ||   280
       Plate armour      |       |       |       |   243 |   680 |   914 |   535 |   275 |       ||  2647
       Gold dragon scale |       |       |       |       |       |       |     1 |   124 |  2031 ||  2156
Dodge: Dodged            |    34 |    31 |   110 |   158 |   357 |   427 |   287 |   245 |   962 ||  2611
Block: Shield            |    59 |    63 |   182 |   354 |  1074 |  1621 |  1084 |       |       ||  4437
       Reflection        |       |       |       |       |       |    61 |   132 |    57 |   127 ||   377
       Large shield      |       |       |       |       |       |       |   723 |  2143 |  7374 || 10240
       Rpst.: Long sword |    10 |     7 |     7 |       |       |       |     4 |       |       ||    28
       Demon blade       |       |       |       |    15 |    86 |    81 |    38 |    29 |   130 ||   379
       Eudemon blade     |       |       |       |       |       |     1 |       |    12 |     4 ||    17
